 Dungeon Crawl Stone Soup version 0.28.0-53-g5a82cb258f (webtiles) character file.

Game seed: 6775576166535878219

425 CryoSword the Chopper (level 6, -6/47 HPs)
             Began as a Demonspawn Fighter on May 26, 2022.
             Mangled by a river rat (8 damage)
             ... on level 4 of the Dungeon.
             The game lasted 00:04:41 (3340 turns).

CryoSword the Chopper (Demonspawn Fighter)          Turns: 3340, Time: 00:04:42

Health: -6/47      AC:  6    Str: 17    XL:     6   Next: 64%
Magic:  9/9        EV:  9    Int: 11    God:
Gold:   194        SH:  4    Dex: 12    Spells: 8/9 levels left

rFire   . . .      SeeInvis .   p - +0 dagger (elec)
rCold   . . .      Faith    .   c - +0 buckler
rNeg    . . .      Spirit   .   b - +0 scale mail
rPois   .          Reflect  .   (no helmet)
rElec   .          Harm     .   (no cloak)
rCorr   .          Rampage  .   (no gloves)
Will    .....                   (no boots)
Stlth   ..........              g - amulet of magic regeneration
HPRegen 0.15/turn               (no ring)
MPRegen 0.51/turn               (no ring)

@: very slow
A: hooves 1, demonic magic 2
a: no special abilities


You were on level 4 of the Dungeon.
You visited 1 branch of the dungeon, and saw 4 of its levels.

You collected 194 gold pieces.

Inventory:

Hand Weapons
 a - a +0 war axe
 m - a +2 short sword of electrocution
   (You took it off a kobold on level 3 of the Dungeon)
 p - a +0 dagger of electrocution (weapon)
   (You took it off an orc on level 3 of the Dungeon)
Missiles
 d - 2 boomerangs of dispersal (quivered) {!f}
Armour
 b - a +0 scale mail (worn)
 c - a +0 buckler (worn)
Jewellery
 g - an amulet of magic regeneration (around neck)
   (You found it on level 2 of the Dungeon)
Scrolls
 e - a scroll of noise {unknown}
 f - a scroll of magic mapping {unknown}
 o - a scroll of immolation {unknown}
Potions
 j - 2 potions of flight
 k - a potion of degeneration {unknown}
 l - a potion of berserk rage {unknown}
 n - a potion of heal wounds {unknown}


   Skills:
 - Level 3.0 Fighting
 * Level 2.9 Short Blades
 - Level 3.8 Axes
 - Level 2.6 Armour
 + Level 3.6 Shields
 - Level 2.0 Spellcasting
 + Level 2.2 Hexes


You had 8 spell levels left.
You knew the following spells:

 Your Spells              Type           Power      Damage    Failure   Level
a - Slow                  Hex            24%        N/A       45%         1

Your spell library contained the following spells:

 Spells                   Type           Power      Damage    Failure   Level
 Cause Fear               Hex            3%         N/A       99%         4
 Yara's Violent Unravell  Hex/Tmut       1%         3d3       100%        5


Dungeon Overview and Level Annotations

Branches:
Dungeon (4/15)
 Temple: D:4-7

Altars:


Innate Abilities, Weirdness & Mutations

You have large cloven feet.
Spells you cast may paralyse nearby enemies.


Message History

You kill the orc warrior!
The orc hits you but does no damage.
Training target 2.0 for Spellcasting reached!
Your Spellcasting skill increases to level 2!
Your Hexes skill increases to level 2!
You hit the orc. You kick the orc.
You kill the orc!
There is a stone staircase leading up, spattered with blood here.
Things that are here:
a +0 club; a +0 ring mail; an orc corpse You climb upwards.
There is a stone staircase leading down here.
You start resting.
You feel a little less mighty now.
Unknown command.
You climb downwards.
You hear the sound of rushing water.
There is an entrance to a sewer on this level.
Hurry and find it before the portal rusts away!
There is a stone staircase leading up, spattered with blood here.
Things that are here:
a +0 ring mail; a +0 club; an orc corpse
Found 24 arrows.
A dart slug comes into view.
You hear the slow rusting of a drain very nearby.
The dart slug launches a dart at you. The slug dart hits you.
* * * LOW HITPOINT WARNING * * *
The dart slug launches a dart at you. The slug dart hits you.
* * * LOW HITPOINT WARNING * * *
You hit the dart slug. You kick the dart slug. You hit the dart slug.
The dart slug launches a dart at you. The slug dart hits you.
* * * LOW HITPOINT WARNING * * *
You hit the dart slug.
Lightning courses through the dart slug!
You kill the dart slug!
There is a stone staircase leading up, spattered with blood here.
Things that are here:
a +0 ring mail; a +0 club; an orc corpse
d - 2 boomerangs of dispersal {!f}
Items here: ) [ ÷ †.
Things that are here:
a +0 dagger; a kobold skeleton
Found 13 gold pieces.
Found a gnarled jewelled staff.
You now have 194 gold pieces (gained 13).
You see here a staff of earth.
You hear the rusting of a distant drain.
A worm, a river rat and a rat come into view.
You start resting.
A river rat is nearby!
You hit the river rat. Your kick misses the river rat. The river rat bites you.
* * * LOW HITPOINT WARNING * * *
You completely miss the river rat. The river rat closely misses you.
You closely miss the river rat. Your kick misses the river rat.
The river rat bites you but does no damage.
You hit the river rat. Your kick misses the river rat.
The river rat barely misses you.
You hit the river rat. The river rat bites you.
* * * LOW HITPOINT WARNING * * *
You hit the river rat.
Lightning courses through the river rat!
You kill the river rat!
You hit the worm. You kick the worm. The worm bites you.
* * * LOW HITPOINT WARNING * * *
You don't know that spell.
Aim: a worm (moderately wounded, chance to affect: 50%)
Okay, then.
Okay, then.
As you read the scroll labelled FOAVAU ZUFITU, it crumbles to dust.
It is a scroll of identify.
j - 2 potions of flight
As you read the scroll of identify {@r1}, it crumbles to dust.
i - a potion of lignification Really quaff
i - a potion of lignification {!q}?
Really quaff the potion of lignification?
You turn into a tree.
Your +0 scale mail melds into your body.
Your roots penetrate the ground.
You barely miss the worm. You barely miss the worm.
The worm bites you but does no damage.
You barely miss the worm. You hit the worm. Lightning courses through the worm!
You block the worm's attack.
You hit the worm but do no damage. You block the worm's attack.
You hit the worm.
You kill the worm!
You barely miss the rat. The rat bites you but does no damage.
You closely miss the rat.
You hear the rusting of a drain nearby.
The rat bites you but does no damage.
You hit the rat.
You kill the rat!
You cannot move.
You cannot move.
You start resting.
Your transformation is almost over.
You feel less wooden.
Your +0 scale mail unmelds from your body.
Unknown command.
Things that are here:
a rat corpse; a worm corpse A river rat comes into view.
Found 14 gold pieces.
Found 7 gold pieces.
A river rat comes into view.
You are too injured to fight recklessly!
You are too injured to fight recklessly!
You are too injured to fight recklessly!
You hit the river rat but do no damage. You block the river rat's attack.
You barely miss the river rat.
You kick the river rat, but do no damage.
The river rat closely misses you.
You hit the river rat but do no damage.
Lightning courses through the river rat!
You kill the river rat!
You hit the river rat.
You kick the river rat, but do no damage.
The river rat bites you but does no damage.
You hit the river rat but do no damage.
You kick the river rat, but do no damage.
The river rat bites you.
* * * LOW HITPOINT WARNING * * *
You hit the river rat but do no damage.
The river rat bites you but does no damage.
You barely miss the river rat. Your kick misses the river rat.
You hit the river rat but do no damage.
Lightning courses through the river rat!
You kill the river rat!
A rat comes into view.
You hit the rat.
You kill the rat!
You enter the shallow water.
Moving in this stuff is going to be slow.
You hear the brisk rusting of a drain very nearby.
A river rat comes into view.
You hit the river rat but do no damage. Your kick misses the river rat.
The river rat bites you.
* * * LOW HITPOINT WARNING * * *
You closely miss the river rat. The river rat bites you.
* * * LOW HITPOINT WARNING * * *
You barely miss the river rat. You kick the river rat.
The river rat bites you but does no damage.
Your unstable footing causes you to fumble your attack.
The river rat bites you!
* * * LOW HITPOINT WARNING * * *
The river rat bites you!
You die...

###### ###.$..# #≈≈$...#
#≈≈≈...# #≈#....#
#≈≈≈...# #≈#≈...#
#≈≈≈≈†.# #@#≈...###
#r#≈.....#
#≈≈≈#....#.######
########....#......# ###
#.# ##...######.#
..#########.### #####
#.# #......<.[)...# #.#
###.#########.##########
#.# # #(#
#.##.......#####.####


You could see a river rat.

Vanquished Creatures
  Menkaure (D:4)
  An orc warrior (D:4)
  An orc priest (D:3)
  2 orc wizards (D:3)
  4 adders (D:2)
  3 river rats (D:4)
  A white imp (D:4)
  A worm (D:4)
  3 dart slugs
  4 orcs
  5 bats
  4 endoplasms
  A giant cockroach (D:2)
  3 goblins
  8 hobgoblins
  6 jackals
  7 kobolds
  3 quokkas
  4 ball pythons
  A frilled lizard (D:2)
  9 rats
72 creatures vanquished.

Notes
Turn   | Place    | Note
-------+----------+-------------------------------------------
     0 | D:1      | CryoSword the Demonspawn Fighter began the quest for the
                  | Orb.
     0 | D:1      | Reached XP level 1. HP: 18/18 MP: 1/1
     9 | D:1      | Got the Papyrus of the Oath
   353 | D:1      | Gained mutation: Spells you cast may paralyse adjacent
                  | enemies. [demonic ancestry]
   353 | D:1      | Reached XP level 2. HP: 24/24 MP: 2/2
  1226 | D:2      | Gained mutation: Spells you cast may paralyse nearby
                  | enemies. [demonic ancestry]
  1226 | D:2      | Reached XP level 3. HP: 14/29 MP: 3/3
  1461 | D:2      | Learned a level 1 spell: Slow
  1728 | D:2      | Reached XP level 4. HP: 35/35 MP: 4/4
  2569 | D:3      | Reached skill level 1 in Hexes
  2574 | D:3      | Reached skill level 1 in Short Blades
  2574 | D:3      | Reached skill level 1 in Spellcasting
  2574 | D:3      | Reached XP level 5. HP: 13/41 MP: 6/6
  2971 | D:4      | Noticed Menkaure
  2983 | D:4      | Killed Menkaure
  2984 | D:4      | Gained mutation: You have large cloven feet. [demonic
                  | ancestry]
  2984 | D:4      | Reached XP level 6. HP: 33/47 MP: 6/8
  3012 | D:4      | Noticed an orc warrior
  3132 | D:4      | Killed an orc warrior
  3339 | D:4      | HP: 1/47 [river rat (7)]
  3340 | D:4      | Mangled by a river rat

Illustrated notes

Levels and vault maps discovered:
D:1:      dpeg_arrival_more_subterranean_lakeside_camping, layout_loops_ring,
          minivault_23, st_stairs_14, grunt_decor_resistance,
          minmay_misc_feat_ornament
D:2:      layout_loops_ring
D:3:      layout_loops_cross
D:4:      layout_loops_ring, lightli_sewer_entry_pipes, uniq_menkaure

Skill      XL: |  1  2  3  4  5  6 |
---------------+-------------------+-----
Axes           | 2 3 |  3.8
Shields        | 3 |  3.6
Hexes          | 1 2 |  2.2
Short Blades   | 1 2 |  2.9
Spellcasting   | 1 2 |  2.0
Fighting       | |  3.0
Armour         | |  2.6

Action                   |  1- 3 |  4- 6 || total
-------------------------+-------+-------++-------
Melee: War axe           |   143 |    11 ||   154
       Short sword       |       |    32 ||    32
       Dagger            |       |    61 ||    61
       Kick              |       |    11 ||    11
  Use: Scroll            |       |     2 ||     2
       Potion            |       |     2 ||     2
Armor: Scale mail        |    96 |    34 ||   130
       Skin              |       |     3 ||     3
Dodge: Dodged            |    63 |    26 ||    89
Block: Buckler           |    36 |    18 ||    54
